 Dungeon Crawl Stone Soup version 0.19-a0-1193-g2641e52 (webtiles) character file.

392 JustSomeDude the Skirmisher (level 6, -1/49 HPs)
             Began as a Demonspawn Fighter on Aug 19, 2016.
             Was an Initiate of Dithmenos.
             Succumbed to Edmund's poison
             ... on level 4 of the Dungeon.
             The game lasted 00:07:21 (2252 turns).

JustSomeDude the Skirmisher (Demonspawn Fighter)    Turns: 2252, Time: 00:07:21

Health: -1/49      AC:  6    Str: 19 (22) XL:     6   Next: 50%
Magic:  6/6        EV:  9    Int:  7 (9)  God:    Dithmenos [......]
Gold:   142        SH:  9    Dex: 11 (14) Spells: 0 memorised, 5 levels left

rFire  + . .     SeeInvis .     u - +2 short sword (drain)
rCold  . . .     Gourm    .     v - +0 leather armour
rNeg   . . .     Faith    .     c - +0 shield
rPois  .         Spirit   .     (no helmet)
rElec  .         Dismiss  .     r - +0 cloak
rCorr  .         Reflect  .     l - +0 pair of gloves
MR     .....     Harm     .     (no boots)
Stlth  +++++.....               (no amulet)
                                q - ring of protection from fire
                                k - ring of stealth

@: mighty, lethally poisoned (-1 -> -20)
A: rugged brown scales 1, nightstalker 2, rot immunity
a: Renounce Religion


You were on level 4 of the Dungeon.
You worshipped Dithmenos.
Dithmenos was noncommittal.
You were not hungry.

You visited 2 branches of the dungeon, and saw 5 of its levels.

You collected 142 gold pieces.

Inventory:

Hand Weapons
 a - a +0 trident
 u - a +2 short sword of draining (weapon)
Armour
 b - a +0 scale mail
 c - a +0 shield (worn)
 l - a +0 pair of gloves (worn)
 m - a cursed +0 large shield
 r - a +0 cloak (worn)
 v - a +0 leather armour (worn)
Jewellery
 h - a +4 amulet of reflection {unknown}
 k - a ring of stealth (left hand)
 q - a ring of protection from fire (right hand)
Scrolls
 e - a scroll of recharging {unknown}
 j - 4 scrolls of magic mapping
 o - 2 scrolls of fog {unknown}
Comestibles
 f - 2 bread rations
 g - a chunk of flesh
 i - 2 meat rations


   Skills:
 + Level 3.9 Fighting
 * Level 2.0 Short Blades
 - Level 2.4 Polearms
 + Level 3.5 Armour
 + Level 1.9 Dodging
 + Level 2.1 Stealth
 + Level 3.9 Shields


You had 5 spell levels left.
You didn't know any spells.

Dungeon Overview and Level Annotations

Branches:
Dungeon (4/15)             Temple (1/1) D:4

Altars:
Ashenzari
Cheibriados
Dithmenos
Fedhas
Gozag
Hepliaklqana
Makhleb
Nemelex Xobeh
Okawaru
Ru
Sif Muna
Uskayaw
Vehumet
Xom
Zin


Innate Abilities, Weirdness & Mutations

You are partially covered in rugged brown scales. (AC +1, +3% HP)
You are significantly more attuned to the shadows.
You are immune to rotting.


Message History

* * * LOW HITPOINT WARNING * * *
You feel very sick. You block Edmund's attack.
You hit Edmund.
You kill Edmund!
Dithmenos accepts your kill.
Your Short Blades skill increases to level 2!
Your Stealth skill increases to level 2!
* * * LOW HITPOINT WARNING * * *
You feel sick.
It was a potion of degeneration.
There was something very wrong with that liquid.
You feel weakened.
You feel dopey.
You feel clumsy.
* * * LOW HITPOINT WARNING * * *
You feel sick.
As you read the scroll labeled TIOSOCZEMA, it crumbles to dust.
Dithmenos forgives your accidental fire-starting, just this once.
The air around you briefly surges with heat, but it dissipates.
It was a scroll of immolation.
You die...

,,,,,,,,,,,,,,*#..............,,,
,,,,,,,,,.,,,,*#..............,,,
,,,,,,,,,..,,,##..........>....,,
,,,,,,,,,...,*#..................
,,,,,,,,,....##..................
****,,,,,........................
*,,,,,......#^....<...........
*,,,,,.....##.#.........<..... *
*,,,,,.......@.......#.....#,,
****,,,,,.....#)#..###.########**
,,,**,,,,.....#.#.###..#
,,,,,,,,,,,.,#..#.# #.##********
*,,,,****,,,*#.##.# #.# *,,,,,,*
**,,,,,,,,,,,...#.###.# #......#
******,,,,***,.....##.# #......#
,*****,**,*,..###.....# #......#
..,,,,,*,,*,*#........# #......#


There were no monsters in sight!

Vanquished Creatures
  Edmund (D:4)
  2 hounds (D:4)
  Jessica (D:2)
  2 worker ants (D:4)
  A hound skeleton (D:4)
  3 gnolls (D:3)
  3 adders
  A worm (D:2)
  2 dart slugs
  2 giant geckos
  8 bats
  5 giant cockroaches
  7 goblins
  12 hobgoblins
  4 jackals (D:1)
  A quokka (D:2)
  4 giant newts
  A jackal skeleton (D:4)
  10 kobolds
  5 rats
75 creatures vanquished.

Notes
Turn   | Place    | Note
-------+----------+-------------------------------------------
     0 | D:1      | JustSomeDude the Demonspawn Fighter began the quest for the Orb.
     0 | D:1      | Reached XP level 1. HP: 18/18 MP: 1/1
   165 | D:1      | Gained mutation: You are slightly more attuned to the shadows. [demonic ancestry]
   165 | D:1      | Reached XP level 2. HP: 13/24 MP: 2/2
   588 | D:1      | Gained mutation: You are partially covered in rugged brown scales. (AC +1, +3% HP) [demonic ancestry]
   588 | D:1      | Reached XP level 3. HP: 16/29 MP: 3/3
  1096 | D:2      | Gained mutation: You are significantly more attuned to the shadows. [demonic ancestry]
  1096 | D:2      | Reached XP level 4. HP: 36/36 MP: 4/4
  1157 | D:2      | Noticed Jessica
  1175 | D:2      | Killed Jessica
  1593 | D:3      | Found a hazy altar of Hepliaklqana.
  1608 | D:3      | Gained mutation: You are immune to rotting. [demonic ancestry]
  1608 | D:3      | Reached XP level 5. HP: 13/42 MP: 5/5
  1614 | D:3      | Reached skill level 1 in Dodging
  1858 | D:4      | Found a staircase to the Ecumenical Temple.
  1865 | Temple   | Entered the Ecumenical Temple
  1921 | Temple   | Became a worshipper of Dithmenos the Shadowed
  1952 | D:4      | Found a sacrificial altar of Ru.
  2035 | D:4      | Reached skill level 1 in Short Blades
  2035 | D:4      | Reached skill level 1 in Stealth
  2195 | D:4      | Reached XP level 6. HP: 42/49 MP: 6/6
  2229 | D:4      | Noticed Edmund
  2250 | D:4      | Killed Edmund
  2251 | D:4      | HP: 1/49 [poisoned by Edmund]
  2252 | D:4      | Succumbed to Edmund's poison

Vault maps used:
D:1:      eino_arrival_cavern_a
D:2:      first_bread, uniq_jessica
D:3:      mumra_celtic_spiral_tile, overflow_temple_1_default
D:4:      hangedman_ru_absence, uniq_edmund
Temple:   nicolae_temple_great_sept

Skill      XL: |  1  2  3  4  5  6 |
---------------+-------------------+-----
Armour         | 3 |  3.5
Shields        | 3 |  3.9
Polearms       | 2 |  2.4
Dodging        | 1 |  1.9
Short Blades   | 1 2 |  2.0
Stealth        | 1 2 |  2.1
Fighting       | |  3.9

Action                   |  1- 3 |  4- 6 || total
-------------------------+-------+-------++-------
Melee: Trident           |   167 |    58 ||   225
       Short sword       |       |    64 ||    64
  Use: Scroll            |       |     4 ||     4
       Potion            |       |     2 ||     2
 Stab: Sleeping          |       |    13 ||    13
  Eat: Chunk             |     1 |     4 ||     5
Armor: Scale mail        |    59 |    25 ||    84
       Leather armour    |       |    11 ||    11
Dodge: Dodged            |    31 |    30 ||    61
Block: Shield            |    82 |    47 ||   129
